 Dungeon Crawl Stone Soup version 0.31-a0-202-g547052bce9 (webtiles) character file.

Game seed: 9155035060490146683

18 qw the Shooter (level 2, 0/16 HPs)
             Began as a Deep Elf Hunter on June 26, 2023.
             Succumbed to their own poison gas
             ... on level 1 of the Dungeon.
             The game lasted 00:00:11 (489 turns).

qw the Shooter (Deep Elf Hunter)                     Turns: 489, Time: 00:00:12

Health: 0/16       AC:  3    Str:  8    XL:     2   Next: 51%
Magic:  4/4        EV: 12    Int: 13    God:
Gold:   74         SH:  5    Dex: 18    Spells: 1/1 levels left

rFire   . . .        Y - +0 shortbow
rCold   . . .        (shield currently unavailable)
rNeg    . . .        c - +0 leather armour
rPois   .            (no helmet)
rElec   .            (no cloak)
rCorr   .            (no gloves)
SInv    .            (no boots)
Will    .....        e - amulet of reflection
Stlth   ++           (no ring)
HPRegen 0.22/turn    (no ring)
MPRegen 0.09/turn

%: reflection
@: lethally poisoned (0 -> -10)
A: no striking features
a: no special abilities


You were on level 1 of the Dungeon.
You visited 1 branch of the dungeon, and saw 1 of its levels.

You collected 74 gold pieces.


   Skills:
 - Level 1.5 Fighting
 + Level 6.3 Ranged Weapons
 - Level 2.4 Dodging
 - Level 1.2 Stealth


You had one spell level left.
You didn't know any spells.
Your spell library was empty.

Inventory:

Hand Weapons
 Y - a +0 shortbow (weapon)
Armour
 c - a +0 leather armour (worn)
Jewellery
 e - an amulet of reflection (around neck)
Potions
 f - a potion of heal wounds {unknown}
 g - a potion of attraction {unknown}
 h - a potion of invisibility {unknown}
 i - a potion of enlightenment {unknown}

Dungeon Overview and Level Annotations

Branches:
Dungeon (1/15)

Altars:


Message History

Enter note:
Enter note:
Enter note: Done exploring.
480 ||| UPGRADING to amulet of reflection.
You start putting on your amulet.
You continue putting on your amulet of reflection. x5
You finish putting on your amulet of reflection.
You feel a shielding aura gather around you.
e - an amulet of reflection (around neck) Done exploring.
485 ||| READING scroll labelled JUWOSO ERIE.
The air fills with toxic fumes!
As you read the scroll labelled JUWOSO ERIE, it crumbles to dust.
It was a scroll of poison.
Done exploring.
486 ||| DROPPING scroll of butterflies.
You drop a scroll of butterflies.
Done exploring.
(D) Dungeon
Where to? (* - list waypoints, ? - help)
What level of the Dungeon? (default 1, ? - help) Sorry, I don't know how to get there.
Enter note:
Enter note:
Enter note:
Enter note:
Enter note:
Enter note:
Enter note:
Enter note:
Enter note: Really walk into that cloud of poison gas?
You are engulfed in poison gas.
You are lethally poisoned!
You feel very sick.
488 ||| Stepping ~*~*~tactically~*~*~ (cloud).
You feel very sick.
You see here a scroll of butterflies.
There is a lethal amount of poison in your body!
You die...

...............#####..##.###....#
###...########.#......##.#.......
.....^......)¤¤¤¤¤...............
####...###.###¤#¤######..#.###...
######.# #.# #¤¤¤¤¤¤¤##........#.
....##.# #.# #¤¤¤¤¤¤¤##.##.#...#.
##.###.###.# #¤¤¤¤¤¤¤##.##.......
#.# #..##.# #¤¤¤¤¤¤¤##.#........
#.# ##.##.# #¤¤@¤¤¤¤##.#.....%..
##.## #.##.# #¤¤¤¤¤¤¤##.#..##....
....###..#.# #¤¤¤¤¤¤¤##....######
#.....##...###¤¤¤¤¤¤¤###.###
###....##....¤¤¤¤¤¤¤¤##..#
##....##.###¤#¤######'#########
##...##..####¤# #...........#
#....##..#.¤¤# #...........#
##...###.#.######...........#


There were no monsters in sight!

Vanquished Creatures
  3 endoplasms (D:1)
  3 giant cockroaches (D:1)
  3 hobgoblins (D:1)
  A quokka (D:1)
  3 frilled lizards (D:1)
  2 goblins (D:1)
  2 rats (D:1)
17 creatures vanquished.

Notes
Turn   | Place    | Note
-------+----------+-------------------------------------------
     0 | D:1      | qw the Deep Elf Hunter began the quest for the Orb.
     0 | D:1      | Reached XP level 1. HP: 12/12 MP: 3/3
     0 | D:1      | 0 ||| qw: Version: 0.3-a-22-g0ed2b0b
     0 | D:1      | 0 ||| qw: Game counter: 5747
     0 | D:1      | 0 ||| qw: Melee chars always use a shield: true
     0 | D:1      | 0 ||| qw: God list: Okawaru
     0 | D:1      | 0 ||| qw: Allow faded altars: false
     0 | D:1      | 0 ||| qw: Do Orc after clearing Dungeon:15 true
     0 | D:1      | 0 ||| qw: Do second Lair branch before Depths: true
     0 | D:1      | 0 ||| qw: Lair rune preference: random
     0 | D:1      | 0 ||| qw: Goals: Normal
     0 | D:1      | 0 ||| PLANNING D:1-11
    75 | D:1      | Found a faded altar of an unknown god.
   210 | D:1      | Reached skill level 6 in Ranged Weapons
   210 | D:1      | Reached XP level 2. HP: 16/16 MP: 4/4
   480 | D:1      | 480 ||| UPGRADING to amulet of reflection.
   485 | D:1      | 485 ||| READING scroll labelled JUWOSO ERIE.
   486 | D:1      | 486 ||| DROPPING scroll of butterflies.
   488 | D:1      | 488 ||| Stepping ~*~*~tactically~*~*~ (cloud).
   488 | D:1      | HP: 3/16 [poisoned by you (poison gas)]
   489 | D:1      | Succumbed to their own poison gas

Levels and vault maps discovered:
D:1:      heliophobic_arrival_dark_side_of_the_moon, layout_basic,
          shapermc_ecumenical_altar_petra, st_stairs_4

Skill      XL: |  1 |
---------------+----+-----
Ranged Weapons | 6 |  6.3
Fighting       | |  1.5
Dodging        | |  2.4
Stealth        | |  1.2

Action                     || total
---------------------------++-------
   Fire: Shortbow          ||    40
    Use: Scroll            ||     1
 Armour: Leather armour    ||     2
  Dodge: Dodged            ||     2

Table legend:
 A = Non-vault XP
 B = Vault XP
 C = Vault XP percentage of total XP
 D = Non-vault monster count
 E = Vault monster count
 F = Vault count percentage of total count
                 A         B        C        D         E       F
            +---------+---------+-------+---------+---------+-------
      Total |      24 |       3 |  11.1 |      15 |       2 |  11.8
            +---------+---------+-------+---------+---------+-------
        D:1 |      24 |       3 |  11.1 |      15 |       2 |  11.8
            +---------+---------+-------+---------+---------+-------
